SL
D.C. DIVIDED @ PANAMA CITY PIRANHAS
07/23/2023
 
TOP OF THE 1ST
D.C. Divided batting - Pitching for Panama City Piranhas : RHP John Dempsey
Pitching: RHP John Dempsey
Batting: RHB Tony Romero 0-0: Bunt for hit - play at first, batter safe!
Batting: LHB Keith Bridges 0-0: Ball
Tony Romero is caught stealing 2nd base
1-0: Ball
2-0: Fly out, F7 (Flyball, 78S)
Batting: LHB Ray Sears 0-0: Ball
1-0: Ground out 1-3 (Groundball, 13)
Top of the 1st over - 0 run(s), 1 hit(s), 0 error(s), 0 left on base; D.C. 0 - Panama City 0
BOTTOM OF THE 1ST
Panama City Piranhas batting - Pitching for D.C. Divided : RHP José Alaniz
Pitching: RHP José Alaniz
Batting: LHB Ye Der 0-0: Called Strike
0-1: Foul Ball, location: 2F
0-2: Ball
1-2: Foul Ball, location: 2F
1-2: Foul Ball, location: 2F
1-2: Foul Ball, location: 2F
1-2: Foul Ball, location: 2F
1-2: Ball
2-2: Ball
3-2: SINGLE (Groundball, 56D)
Batting: LHB Steve Cunningham 0-0: Called Strike
0-1: Foul Ball, location: 2F
0-2: DOUBLE (Line Drive, 7LM)
Ye Der to third
Batting: LHB Herman Hayes 0-0: Swinging Strike
0-1: Ground out 4-3 (Groundball, 4M)
Ye Der scores
Steve Cunningham to third
Batting: RHB Tim Barnes 0-0: Ball
1-0: SINGLE (Groundball, 6)
Steve Cunningham scores
Batting: RHB Brad Perry 0-0: Called Strike
0-1: Ball
1-1: Foul Ball, location: 2F
1-2: Ground out 3-1 (Groundball, 34)
Tim Barnes to second
Batting: LHB Francisco Sánchez 0-0: Ball
1-0: Ball
2-0: Ball
3-0: Called Strike
3-1: Base on Balls
Batting: RHB Armando Alvarado 0-0: Ball
1-0: Called Strike
1-1: Called Strike
1-2: Foul Ball, location: 2F
1-2: Foul Ball, location: 2F
1-2: Ball
2-2: Ball
3-2: Base on Balls
Tim Barnes to third
Francisco Sánchez to second
Batting: SHB Marc Talamante 0-0: Ball
1-0: GRAND SLAM HOME RUN (Flyball, 89XD), Distance : 397 ft
Batting: LHB Robert Adams 0-0: Called Strike
0-1: Called Strike
0-2: Strikes out swinging
Bottom of the 1st over - 6 run(s), 4 hit(s), 0 error(s), 0 left on base; D.C. 0 - Panama City 6
TOP OF THE 2ND
D.C. Divided batting - Pitching for Panama City Piranhas : RHP John Dempsey
Batting: LHB Mike Gardner 0-0: Ball
1-0: Ball
2-0: Foul Ball, location: 2F
2-1: Ground out 1-3 (Groundball, 15S)
Batting: RHB Miguel Silva 0-0: Ball
1-0: Ball
2-0: Foul Ball, location: 2F
2-1: Fly out, F8 (Flyball, 8LXD)
Batting: LHB Charles Mathes 0-0: Swinging Strike
0-1: Ball
1-1: Ball
2-1: Fly out, F9 (Flyball, 9LS)
Top of the 2nd over - 0 run(s), 0 hit(s), 0 error(s), 0 left on base; D.C. 0 - Panama City 6
BOTTOM OF THE 2ND
Panama City Piranhas batting - Pitching for D.C. Divided : RHP José Alaniz
Batting: LHB Ye Der 0-0: Called Strike
0-1: Called Strike
0-2: Ball
1-2: Ground out 4-3 (Groundball, 34)
Batting: LHB Steve Cunningham 0-0: Ball
1-0: Swinging Strike
1-1: Ground out 5-3 (Groundball, 56)
Batting: LHB Herman Hayes 0-0: Called Strike
0-1: Ball
1-1: Ball
2-1: Swinging Strike
2-2: Foul Ball, location: 2F
2-2: Foul Ball, location: 2F
2-2: SINGLE (Groundball, 4MD)
Batting: RHB Tim Barnes 0-0: Ball
1-0: Swinging Strike
1-1: Swinging Strike
1-2: Foul Ball, location: 2F
1-2: Strikes out swinging
Bottom of the 2nd over - 0 run(s), 1 hit(s), 0 error(s), 1 left on base; D.C. 0 - Panama City 6
TOP OF THE 3RD
D.C. Divided batting - Pitching for Panama City Piranhas : RHP John Dempsey
Batting: LHB Brad Elmore 0-0: Called Strike
0-1: Foul Ball, location: 2F
0-2: Ground out 4-3 (Groundball, 4M)
Batting: SHB Félix Cruz 0-0: Called Strike
0-1: Ball
1-1: Ball
2-1: Foul Ball, location: 2F
2-2: Strikes out swinging
Batting: RHB Cristo González 0-0: Ball
1-0: Ball
2-0: Ground out 1-3 (Groundball, 15S)
Top of the 3rd over - 0 run(s), 0 hit(s), 0 error(s), 0 left on base; D.C. 0 - Panama City 6
BOTTOM OF THE 3RD
Panama City Piranhas batting - Pitching for D.C. Divided : RHP José Alaniz
Batting: RHB Brad Perry 0-0: Ball
1-0: Called Strike
1-1: Foul Ball, location: 2F
1-2: Ball
2-2: Ball
3-2: SOLO HOME RUN (Flyball, 7D), Distance : 372 ft
Pitching: RHP Jeff Lee
Batting: LHB Francisco Sánchez 0-0: Ball
1-0: Fly out, F8 (Flyball, 8RD)
Batting: RHB Armando Alvarado 0-0: Called Strike
0-1: Ball
1-1: SINGLE (Groundball, 13) (infield hit)
Batting: SHB Marc Talamante 0-0: Fielders Choice at 2nd, 6-4 (Groundball, 6M)
Batting: LHB Robert Adams 0-0: Called Strike
0-1: Called Strike
0-2: Ball
1-2: Hit by Pitch
Marc Talamante to second
Batting: LHB Ye Der 0-0: Ball
1-0: Called Strike
1-1: Swinging Strike
1-2: DOUBLE (Line Drive, 3D)
Marc Talamante scores
Robert Adams to third
Batting: LHB Steve Cunningham 0-0: Ball
1-0: Ball
2-0: Ground out 6-3 (Groundball, 6M)
Bottom of the 3rd over - 2 run(s), 3 hit(s), 0 error(s), 2 left on base; D.C. 0 - Panama City 8
TOP OF THE 4TH
D.C. Divided batting - Pitching for Panama City Piranhas : RHP John Dempsey
Batting: RHB Tony Romero 0-0: Ball
1-0: Called Strike
1-1: Ball
2-1: Foul Ball, location: 2F
2-2: Ball
3-2: Foul Ball, location: 2F
3-2: Foul Ball, location: 2F
3-2: SINGLE (Line Drive, 4D)
Batting: LHB Keith Bridges 0-0: Called Strike
Tony Romero steals 2nd base
0-1: Ball
1-1: Foul Ball, location: 2F
1-2: Ball
2-2: Ball
3-2: Fly out, F4 (Popup, 4)
Batting: LHB Ray Sears 0-0: Called Strike
0-1: Ball
1-1: Swinging Strike
1-2: Ground out 4-3 (Groundball, 4)
Tony Romero to third
Batting: LHB Mike Gardner 0-0: Ground out 1-3 (Groundball, 23)
Top of the 4th over - 0 run(s), 1 hit(s), 0 error(s), 1 left on base; D.C. 0 - Panama City 8
BOTTOM OF THE 4TH
Panama City Piranhas batting - Pitching for D.C. Divided : RHP Jeff Lee
Batting: LHB Herman Hayes 0-0: Ball
1-0: Ball
2-0: Ball
3-0: Base on Balls
Batting: RHB Tim Barnes 0-0: Called Strike
0-1: Foul Ball, location: 2F
0-2: Strikes out swinging
Batting: RHB Brad Perry 0-0: Ball
1-0: Foul Ball, location: 2F
1-1: DOUBLE (Flyball, 9LD)
Herman Hayes to third
Runner from 3rd tries for Home, SAFE, no throw or cutoff
Batting: LHB Francisco Sánchez 0-0: Ball
1-0: Ball
2-0: Ball
3-0: Called Strike
3-1: Foul Ball, location: 2F
3-2: Fly out, F9 (Flyball, 9M)
Batting: RHB Armando Alvarado 0-0: Ball
1-0: Foul Ball, location: 2F
1-1: Fly out, F9 (Flyball, 9M)
Bottom of the 4th over - 1 run(s), 1 hit(s), 0 error(s), 1 left on base; D.C. 0 - Panama City 9
TOP OF THE 5TH
D.C. Divided batting - Pitching for Panama City Piranhas : RHP John Dempsey
Batting: RHB Miguel Silva 0-0: SINGLE (Groundball, 4D)
Batting: LHB Charles Mathes 0-0: Called Strike
0-1: Ball
1-1: Foul Ball, location: 2F
1-2: SINGLE (Popup, 89S)
Miguel Silva to second
Runner from 2nd tries for 3rd, SAFE, throw made to third
Batting: LHB Brad Elmore 0-0: Ball
1-0: Called Strike
1-1: Foul Ball, location: 2F
1-2: Strikes out swinging
Batting: SHB Félix Cruz 0-0: Fly out, F9 (Line Drive, 9M)
Batting: RHB Cristo González 0-0: Ground out 5-3 (Groundball, 56)
Top of the 5th over - 0 run(s), 2 hit(s), 0 error(s), 2 left on base; D.C. 0 - Panama City 9
BOTTOM OF THE 5TH
Panama City Piranhas batting - Pitching for D.C. Divided : RHP Jeff Lee
Batting: SHB Marc Talamante 0-0: Called Strike
0-1: Ball
1-1: Swinging Strike
1-2: Ball
2-2: Ball
3-2: Fly out, F7 (Flyball, 78D)
Batting: LHB Robert Adams 0-0: Ball
1-0: Ground out 4-3 (Groundball, 4M)
Batting: LHB Ye Der 0-0: Called Strike
0-1: Ball
1-1: Foul Ball, location: 2F
1-2: Foul Ball, location: 2F
1-2: Ball
2-2: Ball
3-2: Foul Ball, location: 2F
3-2: Foul Ball, location: 2F
3-2: SINGLE (Line Drive, 4D)
Batting: LHB Steve Cunningham 0-0: Ball
1-0: Called Strike
1-1: Swinging Strike
1-2: SINGLE (Line Drive, 7S)
Ye Der to second
Batting: LHB Herman Hayes 0-0: Called Strike
0-1: Ball
1-1: Foul Ball, location: 2F
1-2: Ground out 4-3 (Groundball, 4)
Bottom of the 5th over - 0 run(s), 2 hit(s), 0 error(s), 2 left on base; D.C. 0 - Panama City 9
TOP OF THE 6TH
D.C. Divided batting - Pitching for Panama City Piranhas : RHP John Dempsey
Batting: RHB Tony Romero 0-0: Ball
1-0: Bunted foul
1-1: Called Strike
1-2: Ball
2-2: Strikes out swinging
Batting: LHB Keith Bridges 0-0: Ball
1-0: Ground out 4-3 (Groundball, 4)
Batting: LHB Ray Sears 0-0: Ball
1-0: Ground out 4-3 (Groundball, 4)
Top of the 6th over - 0 run(s), 0 hit(s), 0 error(s), 0 left on base; D.C. 0 - Panama City 9
BOTTOM OF THE 6TH
Panama City Piranhas batting - Pitching for D.C. Divided : RHP Jeff Lee
Pitching: RHP Sozen Raikatuji
Batting: RHB Tim Barnes 0-0: Ball
1-0: Called Strike
1-1: Ball
2-1: Foul Ball, location: 2F
2-2: Ball
3-2: Foul Ball, location: 2F
3-2: Fly out, F5 (Popup, 5F)
Batting: RHB Brad Perry 0-0: Ball
1-0: Swinging Strike
1-1: Ball
2-1: Ball
3-1: Foul Ball, location: 2F
3-2: Foul Ball, location: 2F
3-2: Strikes out swinging
Batting: LHB Francisco Sánchez 0-0: Foul Ball, location: 2F
0-1: Ground out 6-3 (Groundball, 6)
Bottom of the 6th over - 0 run(s), 0 hit(s), 0 error(s), 0 left on base; D.C. 0 - Panama City 9
TOP OF THE 7TH
D.C. Divided batting - Pitching for Panama City Piranhas : RHP John Dempsey
Batting: LHB Mike Gardner 0-0: Ball
1-0: Ball
2-0: Ground out 5-3 (Groundball, 56S)
Batting: RHB Miguel Silva 0-0: Ball
1-0: Called Strike
1-1: Ground out 6-3 (Groundball, 6D)
Batting: LHB Charles Mathes 0-0: Ball
1-0: Called Strike
1-1: Ground out 2-3 (Groundball, 2R)
Top of the 7th over - 0 run(s), 0 hit(s), 0 error(s), 0 left on base; D.C. 0 - Panama City 9
BOTTOM OF THE 7TH
Panama City Piranhas batting - Pitching for D.C. Divided : RHP Sozen Raikatuji
Batting: RHB Armando Alvarado 0-0: Ball
1-0: Foul Ball, location: 2F
1-1: Ball
2-1: Foul Ball, location: 2F
2-2: Ball
3-2: Foul Ball, location: 2F
3-2: Ground out 6-3 (Groundball, 6)
Batting: SHB Marc Talamante 0-0: Foul Ball, location: 2F
0-1: Called Strike
0-2: Strikes out swinging
Batting: LHB Robert Adams 0-0: Called Strike
0-1: Ball
1-1: Called Strike
1-2: Strikes out looking
Bottom of the 7th over - 0 run(s), 0 hit(s), 0 error(s), 0 left on base; D.C. 0 - Panama City 9
TOP OF THE 8TH
D.C. Divided batting - Pitching for Panama City Piranhas : RHP John Dempsey
Batting: LHB Brad Elmore 0-0: Called Strike
0-1: Foul Ball, location: 2F
0-2: Ball
1-2: Strikes out looking
Batting: SHB Félix Cruz 0-0: Called Strike
0-1: Called Strike
0-2: Ball
1-2: Ball
2-2: Strikes out looking
Batting: RHB Cristo González 0-0: Ball
1-0: Ball
2-0: Ball
3-0: Base on Balls
Batting: RHB Tony Romero 0-0: Called Strike
0-1: Called Strike
0-2: Ball
1-2: Strikes out looking
Top of the 8th over - 0 run(s), 0 hit(s), 0 error(s), 1 left on base; D.C. 0 - Panama City 9
BOTTOM OF THE 8TH
Panama City Piranhas batting - Pitching for D.C. Divided : RHP Sozen Raikatuji
Batting: LHB Ye Der 0-0: Ball
1-0: Called Strike
1-1: DOUBLE (Groundball, 3L)
Batting: LHB Steve Cunningham 0-0: Called Strike
0-1: Foul Ball, location: 2F
0-2: Ball
1-2: SINGLE (Groundball, 5D)
Ye Der to third
Runner from 3rd tries for Home, SAFE, no throw or cutoff
Batting: LHB Herman Hayes 0-0: Ball
1-0: Foul Ball, location: 2F
1-1: Ball
2-1: Ball
3-1: Base on Balls
Steve Cunningham to second
Batting: RHB Tim Barnes 0-0: Ball
1-0: Foul Ball, location: 2F
1-1: Foul Ball, location: 2F
1-2: Fly out, F4 (Popup, 9LS)
Batting: RHB Brad Perry 0-0: Grounds into double play, 5-4-3 (Groundball, 56)
Bottom of the 8th over - 1 run(s), 2 hit(s), 0 error(s), 1 left on base; D.C. 0 - Panama City 10
TOP OF THE 9TH
D.C. Divided batting - Pitching for Panama City Piranhas : RHP John Dempsey
Batting: LHB Keith Bridges 0-0: Ball
1-0: Ball
2-0: Called Strike
2-1: Ball
3-1: Base on Balls
Batting: LHB Ray Sears 0-0: Swinging Strike
0-1: Ball
1-1: Ground out U3 (Groundball, 3S)
Keith Bridges to second
Batting: LHB Mike Gardner 0-0: Foul Ball, location: 2F
0-1: Ball
1-1: Foul Ball, location: 2F
1-2: Ball
2-2: Strikes out swinging
Pitching: RHP Gunner Hardy
Batting: RHB Miguel Silva 0-0: Ball
1-0: Ball
2-0: Ball
3-0: Base on Balls
Batting: LHB Charles Mathes 0-0: Called Strike
0-1: Called Strike
0-2: Ball
1-2: Foul Ball, location: 2F
1-2: Fly out, F9 (Flyball, 9D)
Top of the 9th over - 0 run(s), 0 hit(s), 0 error(s), 2 left on base; D.C. 0 - Panama City 10
This league is powered by Out of the Park Baseball, the baseball management simulation game for PC, Mac and Linux
Friday, July 8th, 2016 - OOTP Baseball 16.9 Build 39